 Dungeon Crawl Stone Soup version 0.31-a0-836-g3ceb0a68c4 (webtiles) character file.

Game seed: 3562416249057234552

44 Kurtz the Chopper (level 3, 0/26 HPs)
             Began as an Octopode Fighter on Sept 26, 2023.
             Slain by a hobgoblin (2 damage)
             ... led by Robin
             ... on level 1 of the Dungeon.
             The game lasted 00:00:43 (881 turns).

Kurtz the Chopper (Octopode Fighter)                 Turns: 881, Time: 00:00:44

Health: 0/26       AC:  1    Str: 15    XL:     3   Next: 60%
Magic:  3/3        EV: 13    Int: 10    God:
Gold:   101        SH:  4    Dex: 13    Spells: 2/2 levels left

rFire   . . .        a - +0 war axe
rCold   . . .        b - +0 buckler
rNeg    . . .        (helmet restricted)
rPois   .            (no amulet)
rElec   .            (no ring)
rCorr   .            (no ring)
SInv    .            (no ring)
Will    .....        (no ring)
Stlth   ++           (no ring)
HPRegen 0.24/turn    (no ring)
MPRegen 0.08/turn    (no ring)
                     (no ring)

%: no passive effects
@: mighty, attractive
A: almost no armour, amphibious, 8 rings, camouflage 1, gelatinous body 1,
(nimble swimmer 1), tentacles
a: no special abilities


You were on level 1 of the Dungeon.
You visited 1 branch of the dungeon, and saw 2 of its levels.

You collected 101 gold pieces.

Inventory:

Hand Weapons
 a - a +0 war axe (weapon)
Armour
 b - a +0 buckler (worn)
Scrolls
 e - a scroll of poison {unknown}
 f - a scroll of teleportation {unknown}
 g - a scroll of identify {unknown}
 h - a scroll of enchant armour {unknown}
Potions
 d - a potion of attraction


   Skills:
 - Level 3.0 Fighting
 * Level 3.9 Axes
 - Level 3.0 Dodging
 - Level 3.0 Shields


You had 2 spell levels left.
You didn't know any spells.
Your spell library was empty.

Dungeon Overview and Level Annotations

Branches:
Dungeon (2/15)

Altars:

Annotations:
D:1 Robin


Innate Abilities, Weirdness & Mutations

You cannot wear most types of armour.
You are amphibious.
You can wear up to eight rings at the same time.
Your skin changes colour to match your surroundings (Stealth+).
Your rubbery body absorbs attacks. (AC +1, EV +1)
((You are camouflaged when in or above water. (Stealth+)))
You have tentacles for arms and can constrict up to eight enemies at once.


Message History

You kill the goblin!
You closely miss the goblin. The goblin hits you with a +0 dagger.
A goblin comes into view. It is wielding a +0 club.
Unknown command.
The goblin shouts!
You hit Robin. You grab Robin. You squeeze Robin, but do no damage.
Robin is lightly wounded.
You miss the goblin. You constrict Robin, but do no damage.
The goblin barely misses you.
A hobgoblin comes into view.
Robin roars a battlecry!
The goblins go into a battle-frenzy!
You hear a shout!
You hit Robin.
Robin is moderately wounded.
You barely miss the goblin. You constrict Robin.
The goblin hits you with a +0 dagger. Robin hits you with a +0 club.
* * * LOW HITPOINT WARNING * * *
The goblin closely misses you. The hobgoblin closely misses you.
You release your grip on Robin.
You block Robin's attack. The goblin closely misses you.
The hobgoblin closely misses you.
You climb upwards.
There is a stone staircase leading down here.
Unknown command.
You barely miss the goblin. You grab the goblin. You squeeze the goblin.
You kill the goblin!
You closely miss the hobgoblin. You barely miss Robin. Robin barely misses you.
The hobgoblin hits you.
* * * LOW HITPOINT WARNING * * *
Robin hits you with a +0 club.
* * * LOW HITPOINT WARNING * * *
Unknown command.
You feel very mighty all of a sudden. The hobgoblin barely misses you.
Robin barely misses you.
Okay, then.
Unknown command.
It was a potion of attraction.
You feel attractive to monsters. The hobgoblin hits you.
You die...

#...............##...
####.##.#######.##..)
##...#...# ##.#####
##......#.####.......
#.......#....#.†.....
#.......[###.........
#........# ##........
##..g..#.# #........
#..g@....# ##........
#..).....###....)###.
#.........##..##.##..
##.....##)...###.##..
##...#.......##.....
#..##..)....####..[
##...#......÷###....
#............##..#..
###..#............##..


You could see Robin and a hobgoblin (strong).

Vanquished Creatures
  A dart slug (D:1)
  7 endoplasms
  A giant cockroach (D:2)
  7 goblins
  2 hobgoblins (D:1)
  4 jackals (D:1)
  3 kobolds (D:1)
  3 quokkas
  3 bats (D:1)
  2 rats (D:1)
33 creatures vanquished.

Notes
Turn   | Place    | Note
-------+----------+-------------------------------------------
     0 | D:1      | Kurtz the Octopode Fighter began the quest for the Orb.
     0 | D:1      | Reached XP level 1. HP: 16/16 MP: 1/1
   258 | D:1      | Reached XP level 2. HP: 21/21 MP: 2/2
   358 | D:1      | Reached XP level 3. HP: 25/26 MP: 3/3
   805 | D:2      | Noticed Robin
   879 | D:1      | HP: 1/26 [Robin/+0 club (2)]
   881 | D:1      | Slain by a hobgoblin

Illustrated notes

Levels and vault maps discovered:
D:1:      saegor_arrival_simple_e, layout_rooms
D:2:      layout_basic, uniq_robin

Skill      XL: |  1  2 |
---------------+-------+-----
Axes           | 3 |  3.9
Fighting       | |  3.0
Dodging        | |  3.0
Shields        | |  3.0

Action                     || total
---------------------------++-------
  Melee: War axe           ||    52
         Constrict         ||    15
         Tentacles         ||    10
    Use: Potion            ||     2
   Stab: Sleeping          ||     4
         Distracted        ||     1
 Armour: Skin              ||    26
  Dodge: Dodged            ||    39
  Block: Buckler           ||    12

Table legend: (Time is in decaauts)
 A = Elapsed time spent in this place.
 B = Non-inter-level travel time spent in this place.
 C = Inter-level travel time spent in this place.
 D = Time resting spent in this place.
 E = Time spent auto-exploring this place.
 F = Levels seen in this place.
 G = Mean time per level.
                   A        B        C        D        E       F      G
               +--------+--------+--------+--------+--------+-----+--------+
         Total |    902 |    881 |     21 |    192 |    484 |   2 |  451.0 |
       Dungeon |    902 |    881 |     21 |    192 |    484 |   2 |  451.0 |
               +--------+--------+--------+--------+--------+-----+--------+

Top non-repeatable levels by time:
     D:1: 711 daAuts
     D:2: 190 daAuts
